Map: Ulrena

Players

LiquidSnute (Snute) - Winner!

  • Race: Zerg Zerg
  • League: Grandmaster

GunGFuBanDa

  • Race: Protoss Protoss
  • League: Grandmaster

Event: Homestory Cup XII

VOD

Have the link to the VOD?

Description

Time

  • Played on: Dec. 18, 2015, 3:25 p.m.
  • Length: 10:12

All games in this series

Show
View Real Time Build Order
Export as new Build Order

LiquidSnute Zerg - Winner!

Build Orders: Hatch First, Lurkers 

Get SALT Encoding   

  12  0:00  Drone  
  13  0:12  Overlord  
  13  0:17  Drone  
  14  0:30  Drone x2  
  14  0:34  Drone  
  18  0:57  Drone  
  18  0:59  Drone  
  18  1:00  Hatchery  
  18  1:04  Extractor  
  17  1:14  Spawning Pool  
  17  1:17  Drone  
  17  1:21  Drone  
  18  1:28  Drone  
  19  1:38  Drone  
  20  1:49  Overlord  
  20  2:00  Queen  
  22  2:03  Metabolic Boost  
  22  2:11  Zergling x4  
  22  2:14  Queen  
  26  2:15  Drone  
  26  2:21  Drone  
  28  2:23  Drone  
  29  2:40  Overlord  
  29  2:45  Hatchery, Zergling x2  
  29  2:49  Zergling x2  
  30  2:51  Zergling x2  
  30  2:55  Zergling x4  
  33  3:05  Zergling x2  
  34  3:07  Zergling x2  
  34  3:11  Zergling x2  
  34  3:12  Zergling x4  
  38  3:17  Drone  
  38  3:18  Queen  
  41  3:21  Overlord  
  41  3:25  Drone x2  
  43  3:28  Drone  
  44  3:41  Drone x5  
  46  3:43  Drone  
  46  3:45  Drone  
  50  3:53  Drone  
  50  3:54  Drone  
  50  4:01  Drone  
  49  4:04  Drone  
  49  4:06  Drone  
  49  4:07  Queen  
  49  4:09  Drone  
  47  4:18  Drone x2, Queen  
  47  4:19  Overlord  
  51  4:24  Drone  
  51  4:27  Spore Crawler, Drone  
  51  4:30  Drone  
  53  4:36  Drone x4  
  57  4:39  Spore Crawler  
  57  4:40  Drone x2  
  57  4:43  Overlord  
  57  4:45  Drone x2  
  60  4:46  Drone  
  60  4:50  Drone  
  60  4:52  Overlord  
  62  4:53  Zergling x4  
  62  4:55  Drone  
  62  4:57  Zergling x2  
  66  5:00  Extractor  
  66  5:02  Drone, Extractor  
  66  5:03  Extractor  
  66  5:04  Zergling x2, Extractor  
  66  5:05  Extractor  
  63  5:10  Spore Crawler  
  63  5:13  Zergling x4  
  64  5:17  Zergling x6  
  64  5:18  Zergling x6  
  68  5:24  Zergling x12  
  70  5:33  Drone  
  70  5:38  Lair  
  70  5:39  Drone x2  
  70  5:41  Drone  
  70  5:44  Drone  
  70  5:46  Drone x3  
  71  5:51  Drone  
  71  5:55  Drone  
  74  5:57  Drone x2  
  74  5:59  Evolution Chamber  
  74  6:02  Drone  
  75  6:08  Drone x2  
  77  6:16  Overlord  
  77  6:17  Drone x2  
  79  6:19  Drone x2  
  79  6:22  Overlord  
  79  6:24  Overlord  
  81  6:26  Zerg Missile Weapons Level 1  
  81  6:29  Overlord  
  81  6:33  Drone  
  81  6:36  Drone x4, Spire  
  81  6:37  Drone  
  81  6:38  Drone  
  87  6:40  Drone  
  88  6:49  Hydralisk Den  
  87  7:02  Drone x3  
  90  7:10  Zergling x4  
  90  7:11  Zergling x4  
  92  7:17  Lurker Den  
  83  7:32  Drone x3  
  83  7:33  Drone x2  
  83  7:36  Drone x4  
  90  7:42  Overlord x2  
  90  7:43  Overlord  
  90  7:48  Hatchery  
  90  7:49  Mutalisk x6  
  107  7:51  Zerg Flyer Weapons Level 1  
  107  8:05  Queen  
  117  8:06  Queen  
  117  8:15  Hydralisk x7  
  119  8:25  Hydralisk x5  
  129  8:27  Overlord x2  
  129  8:37  Overlord x4  
  129  8:40  Extractor  
  124  8:42  Overlord x2  
  124  8:44  Extractor  
  124  8:47  Hydralisk x6  
  135  8:52  Overlord x2  
  135  8:57  Muscular Augments  
  135  9:01  Lurker  
  135  9:02  Lurker x4  
  140  9:03  Lurker  
  140  9:04  Lurker  
  141  9:15  Lurker x3  
  141  9:17  Zergling x16  
  152  9:29  Hydralisk x5  
  159  9:35  Hydralisk x2  
Show
View Real Time Build Order
Export as new Build Order

GunGFuBanDa Protoss 

Build Orders: Nexus First 

Get SALT Encoding   

  12  0:00  Probe (Chrono Boost)  
  13  0:11  Probe (Chrono Boost)  
  14  0:17  Pylon  
  14  0:22  Probe (Chrono Boost)  
  16  0:35  Probe (Chrono Boost)  
  16  0:46  Probe (Chrono Boost)  
  17  0:57  Probe (Chrono Boost)  
  18  1:05  Nexus  
  18  1:10  Probe (Chrono Boost)  
  19  1:22  Probe (Chrono Boost)  
  19  1:23  Gateway  
  20  1:28  Assimilator  
  20  1:32  Probe (Chrono Boost)  
  21  1:36  Assimilator  
  21  1:43  Probe (Chrono Boost)  
  21  1:46  Gateway  
  22  1:53  Probe (Chrono Boost)  
  23  2:08  Pylon  
  23  2:11  Cybernetics Core  
  23  2:17  Probe x2 (Chrono Boost)  
  25  2:27  Probe x2 (Chrono Boost)  
  29  2:37  Pylon  
  29  2:38  Probe (Chrono Boost)  
  29  2:40  Probe (Chrono Boost)  
  31  2:47  Adept (Chrono Boost)  
  31  2:48  Probe (Chrono Boost), Warp Gate  
  31  2:50  Adept (Chrono Boost)  
  34  2:53  Probe  
  35  3:00  Mothership Core (Chrono Boost)  
  37  3:06  Probe (Chrono Boost)  
  37  3:12  Stargate  
  38  3:17  Probe (Chrono Boost)  
  39  3:20  Probe (Chrono Boost)  
  40  3:28  Probe (Chrono Boost), Gateway  
  40  3:30  Probe (Chrono Boost)  
  40  3:33  Pylon  
  42  3:38  Probe (Chrono Boost)  
  42  3:41  Stalker, Probe (Chrono Boost)  
  46  3:51  Probe (Chrono Boost)  
  43  4:05  Probe (Chrono Boost)  
  43  4:09  Pylon  
  41  4:13  Pylon  
  40  4:22  Pylon  
  40  4:26  Probe (Chrono Boost)  
  40  4:27  Probe (Chrono Boost)  
  40  4:28  Oracle (Chrono Boost)  
  45  4:36  Probe  
  46  4:40  Probe  
  47  4:46  Forge  
  47  4:47  Probe (Chrono Boost)  
  47  4:51  Pylon  
  47  4:52  Probe (Chrono Boost)  
  49  4:54  Adept x2  
  49  4:59  Probe (Chrono Boost)  
  54  5:01  Pylon  
  54  5:09  Probe (Chrono Boost)  
  54  5:10  Probe (Chrono Boost), Robotics Facility  
  56  5:21  Probe (Chrono Boost)  
  56  5:24  Protoss Ground Weapons Level 1 (Chrono Boost)  
  57  5:30  Probe (Chrono Boost)  
  57  5:32  Sentry x2, Probe (Chrono Boost)  
  60  5:35  Nexus  
  60  5:40  Probe (Chrono Boost)  
  60  5:43  Probe (Chrono Boost)  
  54  5:50  Probe (Chrono Boost)  
  54  5:52  Pylon  
  54  5:53  Probe, Pylon  
  54  5:54  Assimilator  
  54  5:55  Assimilator  
  56  5:58  Sentry, Adept  
  60  6:06  Gateway, Probe  
  60  6:08  Pylon  
  60  6:09  Warp Prism (Chrono Boost)  
  60  6:11  Probe  
  64  6:14  Adept  
  66  6:20  Photon Cannon  
  66  6:21  Gateway  
  66  6:26  Twilight Council  
  66  6:29  Probe  
  66  6:32  Adept x2  
  69  6:36  Probe  
  69  6:38  Pylon  
  72  6:42  Probe, Observer (Chrono Boost)  
  72  6:46  Probe  
  74  6:48  Probe  
  74  6:50  Sentry  
  74  6:54  Probe  
  79  6:56  Probe  
  79  6:57  Assimilator  
  79  7:00  Stalker x2  
  84  7:04  Probe  
  84  7:06  Probe  
  84  7:07  Probe  
  86  7:10  Protoss Ground Weapons Level 2 (Chrono Boost)  
  87  7:23  Probe  
  87  7:25  Warp Prism (Chrono Boost)  
  87  7:26  Probe, Phoenix (Chrono Boost)  
  93  7:34  Probe  
  93  7:35  Probe  
  87  7:41  Assimilator  
  87  7:43  Blink (Chrono Boost)  
  87  7:45  Photon Cannon  
  87  7:48  Pylon, Stargate  
  87  7:50  Pylon  
  87  7:51  Phoenix (Chrono Boost)  
  87  7:52  Zealot x2  
  87  7:56  Probe  
  87  7:57  Probe x2  
  96  8:06  Probe  
  96  8:09  Probe  
  96  8:10  Gateway  
  98  8:18  Phoenix (Chrono Boost)  
  100  8:22  Photon Cannon  
  100  8:23  Pylon  
  100  8:24  Zealot x3  
  100  8:25  Zealot x2  
  110  8:29  Photon Cannon  
  110  8:38  Immortal (Chrono Boost)  
  110  8:40  Phoenix  
  110  8:48  Probe  
  107  8:57  Gateway  
  107  8:59  Gateway  
  107  9:00  Robotics Bay  
  107  9:01  Pylon  
  105  9:03  Stalker x2, Pylon  
  105  9:04  Stalker x2, Adept  
  115  9:26  Nexus  
  115  9:27  Pylon  
  115  9:33  Stalker  
  115  9:40  Stalker x2  
  104  9:59  Stalker x2  
  72  10:00  Stalker  
Tags
 
Add a new tag
Caveats
  • Supply blocks, unpowered buildings, or Contaminate may cause inaccurate times.
  • Supply counts are checked every 10 seconds.